 Dungeon Crawl Stone Soup version 0.23-b1-6-ga921848b48 (webtiles) character file.

Game seed: 3995956050046907456

58 Kohma the Insei (level 3, -1/28 HPs)
             Began as a Draconian Transmuter on Feb 2, 2019.
             Slain by a gnoll
             ... wielding a +0 halberd
              (9 damage)
             ... on level 2 of the Dungeon.
             The game lasted 00:04:06 (1247 turns).

Kohma the Insei (Draconian Transmuter)              Turns: 1247, Time: 00:04:06

Health: -1/28      AC:  5    Str: 12    XL:     3   Next: 76%
Magic:  6/6        EV: 12    Int: 13    God:
Gold:   43         SH:  0    Dex: 12    Spells: 3/6 levels left

rFire    . . .     SeeInvis .     - Unarmed
rCold    . . .     Gourm    .   (no shield)
rNeg     . . .     Faith    .   (armour unavailable)
rPois    .         Spirit   .   (helmet restricted)
rElec    .         Reflect  .   (no cloak)
rCorr    .         Harm     .   (no gloves)
MR       .....                  (boots currently unavailable)
Stlth    +.........             (no amulet)
HPRegen  0.09/turn              (no ring)
MPRegen  0.10/turn              (no ring)

@: appendage (expiring)
A: unfitting armour, talons 3, cold-blooded, AC +5
a: End Transformation


You were on level 2 of the Dungeon.
You were not hungry.
You had grown temporary talons.
You visited 1 branch of the dungeon, and saw 2 of its levels.

You collected 43 gold pieces.

Inventory:

Missiles
 a - 12 arrows
 d - 49 stones (quivered)
Scrolls
 e - 2 scrolls of identify {unknown}
 f - a scroll of remove curse {unknown}
 h - a scroll of immolation {unknown}
Potions
 g - a potion of ambrosia {unknown}
 i - a potion of resistance {unknown}
Comestibles
 b - 4 chunks of flesh
 c - 5 rations


   Skills:
 - Level 1.1 Fighting
 - Level 1.7 Dodging
 * Level 4.2 Unarmed Combat
 - Level 2.0 Spellcasting
 + Level 2.8 Transmutations


You had 3 spell levels left.
You knew the following spells:

 Your Spells              Type           Power        Failure   Level  Hunger
a - Beastly Appendage     Tmut           #.....       8%          1    ##.....
b - Sticks to Snakes      Tmut           #.......     12%         2    ###....

Your spell library contained the following spells:

 Spells                   Type           Power        Failure   Level  Hunger
 Spider Form              Tmut/Pois      #.........   38%         3    ####...
 Ice Form                 Ice/Tmut       #.......     80%         4    #####..
 Blade Hands              Tmut           #.........   91%         5    ######.


Dungeon Overview and Level Annotations

Branches:
Dungeon (2/15)

Altars:
Ru


Innate Abilities, Weirdness & Mutations

Your plain brown scales are hard. (AC +5)
You cannot fit into any form of body armour.
You are cold-blooded and may be slowed by cold attacks.
You have claws for feet.


Message History

You hit the gnoll.
The gnoll is almost dead.
The gnoll closely misses you.
You hit the gnoll.
You kill the gnoll!
You hit the gnoll.
The gnoll is heavily wounded.
The gnoll barely misses you.
You barely miss the gnoll.
Your tail-slap misses the gnoll.
The gnoll is heavily wounded.
The gnoll misses you.
You closely miss the gnoll. You claw the gnoll.
The gnoll is heavily wounded.
You barely miss the gnoll.
Your tail-slap misses the gnoll.
The gnoll is heavily wounded.
The gnoll barely misses you.
You hit the gnoll. Your kick misses the gnoll.
The gnoll is almost dead.
The gnoll hits you with a +0 halberd!
You die...

#.#.###########.#######.## #
#.# #......#..≈≈≈..#.## #.#
#.###.#..≈...≈..#.## #.#
#.##.#...≈._.≈...#.#
#.#####.###.#..≈...≈..#.##
#....##.# ##.#..≈≈≈.÷#.##
##+#.##.##.# ##.#######.##
......#.##.######g......#####
................@...........+
......#.#..########.####.####
....# #.#...........# #.#
....# #.###########.# #.#
....# #...# #.# #.#
....#####.# #.# #.#
..........##. #.) #.#
...##........# .#. ...
...##.#######... . .. #..


You could see a gnoll.

Vanquished Creatures
  2 adders (D:2)
  A gnoll (D:2)
  A dart slug (D:1)
  2 bats
  A giant cockroach (D:1)
  4 goblins
  2 hobgoblins (D:1)
  6 jackals (D:1)
  4 kobolds (D:1)
  A ball python (D:1)
  3 frilled lizards (D:1)
  2 rats (D:1)
29 creatures vanquished.

Notes
Turn   | Place    | Note
-------+----------+-------------------------------------------
     0 | D:1      | Kohma the Draconian Transmuter began the quest for the Orb.
     0 | D:1      | Reached XP level 1. HP: 16/16 MP: 3/3
   375 | D:1      | Reached XP level 2. HP: 23/23 MP: 5/5
   396 | D:1      | Learned a level 2 spell: Sticks to Snakes
   760 | D:1      | Reached XP level 3. HP: 25/28 MP: 3/6
  1099 | D:2      | Found a sacrificial altar of Ru.
  1109 | D:2      | Reached skill level 4 in Unarmed Combat
  1247 | D:2      | Slain by a gnoll

Skill      XL: |  1  2  3 |
---------------+----------+-----
Unarmed Combat | 4 |  4.2
Fighting       | |  1.1
Dodging        | |  1.7
Spellcasting   | |  2.0
Transmutations | |  2.8

Action                   || total
-------------------------++-------
Melee: Unarmed           ||    97
       Tailslap          ||     7
       Headbutt          ||     3
       Kick              ||     5
       Punch             ||     1
 Cast: Beastly Appendage ||    13
  Eat: Chunk             ||     1
Armor: Skin              ||    26
Dodge: Dodged            ||    66
